 Dungeon Crawl Stone Soup version 0.26-a0-712-ga5a9c9c9d0 (webtiles) character file.

Game seed: 11626990882416896119

29 Azzok the Skirmisher (level 3, 26/30 HPs)
             Began as a Demonspawn Fighter on Nov 4, 2020.
             Quit the game on level 1 of the Dungeon.
             The game lasted 00:00:57 (570 turns).

Azzok the Skirmisher (Demonspawn Fighter)            Turns: 570, Time: 00:00:58

Health: 26/30      AC:  6    Str: 17    XL:     3   Next: 1%
Magic:  3/3        EV:  6    Int:  9    God:
Gold:   27         SH:  8    Dex: 12    Spells: 2/2 levels left

rFire    . . .     SeeInvis .   a - +0 war axe
rCold    . . .     Faith    .   c - +0 kite shield
rNeg     . . .     Spirit   .   b - +0 scale mail
rPois    .         Reflect  .   (helmet restricted)
rElec    .         Harm     .   (no cloak)
rCorr    .         Rampage  .   (no gloves)
MR       .....                  (no boots)
Stlth    ..........             (no amulet)
HPRegen  0.10/turn              (no ring)
MPRegen  0.08/turn              (no ring)

@: no status effects
A: antennae 1, demonic guardian 1
a: no special abilities


You were on level 1 of the Dungeon.
You visited 1 branch of the dungeon, and saw 1 of its levels.

You collected 27 gold pieces.

Inventory:

Hand Weapons
 a - a +0 war axe (weapon)
Armour
 b - a +0 scale mail (worn)
 c - a +0 kite shield (worn)
 h - a +0 cloak
Scrolls
 g - a scroll of remove curse {unknown}
 i - a scroll of identify {unknown}
 k - 2 scrolls of immolation {unknown}
Potions
 d - a potion of might
 e - a potion of brilliance {unknown}
 f - a potion of heal wounds {unknown}
 j - a potion of magic {unknown}


   Skills:
 - Level 4.0 Fighting
 + Level 2.1 Axes
 - Level 2.6 Armour
 - Level 2.6 Shields


You had 2 spell levels left.
You didn't know any spells.
Your spell library was empty.

Dungeon Overview and Level Annotations

Branches:
Dungeon (1/15)

Altars:


Innate Abilities, Weirdness & Mutations

You have a pair of small antennae on your head.
A weak demonic guardian rushes to your aid.


Message History

The leopard gecko hisses angrily.
A leopard gecko is nearby!
A leopard gecko is nearby!
The leopard gecko bites you but does no damage.
You block the leopard gecko's attack.
You hit the leopard gecko.
The leopard gecko is heavily wounded.
The leopard gecko barely misses you.
The leopard gecko bites you but does no damage.
You closely miss the leopard gecko.
The leopard gecko is heavily wounded.
The leopard gecko bites you.
You hit the leopard gecko.
You kill the leopard gecko!
You have reached level 3!
Your experience leads to an increase in your attributes!
Increase (S)trength, (I)ntelligence, or (D)exterity?
You feel stronger.
Your demonic ancestry asserts itself...
You feel the presence of a demonic guardian.
Are you sure you want to abandon this character and quit the game? (Confirm with "yes".)

············▒≈≈≈≈≈ ▒········†··
▒· ▒·····(··▒≈▒≈≈≈▒▒··▒·▒·▒▒▒▒▒
▒·▒▒··(·(·····▒▒▒▒······▒······
▒······†··············▒▒▒▒▒▒▒▒▒
▒·······▒▒··▒▒····▒▒·· ▒···▒
▒·▒·······▒▒·▒·······▒· ▒···'
▒············▒·······▒ ▒···▒
▒▒▒·······▒▒▒▒?······▒ ▒)>·▒
▒▒▒▒▒▒▒·▒ ▒▒▒@···▒▒ ▒··[▒ ▒·▒
▒·)··▒ ▒···▒ ··· ▒····▒ ▒'▒▒▒
···· ··▒▒▒▒ ▒▒·▒▒ ····▒ ▒▒▒
▒·▒·▒ ·····▒ ▒·▒▒· ▒'▒▒▒ ▒····
▒····


There were no monsters in sight!

Vanquished Creatures
  2 dart slugs (D:1)
  A leopard gecko (D:1)
  5 bats (D:1)
  A giant cockroach (D:1)
  2 goblins (D:1)
  2 hobgoblins (D:1)
  2 frilled lizards (D:1)
  4 kobolds (D:1)
  5 rats (D:1)
24 creatures vanquished.

Notes
Turn   | Place    | Note
-------+----------+-------------------------------------------
     0 | D:1      | Azzok the Demonspawn Fighter began the quest for the Orb.
     0 | D:1      | Reached XP level 1. HP: 18/18 MP: 1/1
   185 | D:1      | Gained mutation: You have a pair of small antennae on your
                  | head. [demonic ancestry]
   185 | D:1      | Reached XP level 2. HP: 24/24 MP: 2/2
   453 | D:1      | Reached skill level 4 in Fighting
   569 | D:1      | Gained mutation: A weak demonic guardian rushes to your
                  | aid. [demonic ancestry]
   569 | D:1      | Reached XP level 3. HP: 25/30 MP: 3/3
   570 | D:1      | Quit the game

Illustrated notes

Levels and vault maps discovered:
D:1:      dpeg_arrival_connections, layout_basic, minivault_4

Skill      XL: |  1  2 |
---------------+-------+-----
Fighting       | 4 |  4.0
Axes           | 2 |  2.1
Armour         | |  2.6
Shields        | |  2.6

Action                   || total
-------------------------++-------
Melee: War axe           ||    67
Armor: Scale mail        ||    33
Dodge: Dodged            ||    20
Block: Kite shield       ||    46

Table legend: (Time is in decaauts)
 A = Elapsed time spent in this place.
 B = Non-inter-level travel time spent in this place.
 C = Inter-level travel time spent in this place.
 D = Time resting spent in this place.
 E = Time spent auto-exploring this place.
 F = Levels seen in this place.
 G = Mean time per level.
                   A        B        C        D        E       F      G
               +--------+--------+--------+--------+--------+-----+--------+
         Total |    604 |    604 |      0 |      0 |    401 |   1 |  604.0 |
       Dungeon |    604 |    604 |      0 |      0 |    401 |   1 |  604.0 |
               +--------+--------+--------+--------+--------+-----+--------+

Top non-repeatable levels by time:
     D:1: 604 daAuts
